AoeStats
← hotshotgg

Arena

509878258Analyzed
4v4 RM · 3d ago on Sep 28, 2026· 49m 13s· 8 players
Game mode
Random Map
Map size
Large (8 player)
Population
200
Speed
Normal
Resources
Standard
Victory
Conquest
Starting age
Dark Age
Ending age
Imperial Age
RankedLock teamsTeams togetherTeam positionsShared explorationLock speedFull tech treeHidden civsTurbo modeCheats
Victory
Defeat
🇨🇿 Poles · Czechia
1431
+15
🇸🇬 Jurchens · Singapore
1422
+16
🇵🇹 Chinese · Portugal
1387
+17
🇭🇰 Slavs · Hong Kong SAR China
1355
+18
🇨🇳 Teutons · China
1477
-19
🇨🇳 Cumans · China
1422
-17
🇭🇰 Khmer · Hong Kong SAR China
1396
-16
1353
-14
虫
10:05 Feudal Age
14:00 Castle Age
12:34 Double-Bit Axe
12:30 Horse Collar
15:38 Bow Saw
20:41 Heavy Plow
24:10 Husbandry
25:30 Loom
34:10 Wheelbarrow
34:30 Gold Mining
35:56 Stone Mining
42:59 Gold Shaft Mining
43:00 Stone Shaft Mining
47:14 Imperial Age
45:23 Ballistics
47:47 Hand Cart
47:19 Town Watch
48:37 Conscription
48:17 Double Crossbow
48:26 Heavy Scorpion
知名游侠
8:43 Feudal Age
9:28 Double-Bit Axe
9:25 Horse Collar
10:56 Loom
19:56 Castle Age
18:59 Wheelbarrow
18:45 Gold Mining
21:18 Bow Saw
24:12 Imperial Age
22:42 Gold Shaft Mining
22:18 Scale Barding Armor
22:58 Forging
24:11 Chain Barding Armor
24:16 Bloodlines
24:43 Elite Steppe Lancer
28:21 Iron Casting
30:49 Blast Furnace
30:44 Plate Barding Armor
32:24 Heavy Plow
32:59 Stone Mining
33:19 Capped Ram
35:07 Siege Ram
39:26 Two-Man Saw
40:43 Crop Rotation
44:12 Hand Cart
44:13 Light Cavalry
水母系呆萌美少女可可
10:19 Feudal Age
13:49 Castle Age
12:55 Horse Collar
15:40 Heavy Plow
16:57 Wheelbarrow
17:51 Loom
21:29 Gold Mining
23:21 Hand Cart
24:30 Gold Shaft Mining
27:54 Imperial Age
25:34 Town Watch
26:09 Scale Barding Armor
26:10 Stone Mining
26:51 Forging
27:31 Chain Barding Armor
28:27 Bloodlines
28:17 Husbandry
29:12 Iron Casting
29:21 Plate Barding Armor
28:22 Pikeman
30:32 Crop Rotation
29:29 Elite Battle Elephant
30:11 Light Cavalry
32:03 Conscription
31:45 Howdah
33:06 Man-at-Arms
33:31 Gambesons
33:47 Squires
33:32 Arson
34:51 Blast Furnace
34:49 Coinage
34:20 Caravan
34:06 Long Swordsman
34:45 Two-Handed Swordsman
35:37 Scale Mail Armor
36:39 Banking
36:25 Fletching
36:34 Champion
37:54 Chain Mail Armor
37:32 Hussar
38:27 Halberdier
40:50 Plate Mail Armor
40:42 Capped Ram
大骚刚
9:53 Feudal Age
14:05 Castle Age
11:52 Double-Bit Axe
12:33 Horse Collar
16:16 Bow Saw
17:01 Wheelbarrow
19:41 Loom
21:31 Gold Mining
21:35 Stone Mining
22:33 Fortified Wall
23:27 Heavy Plow
24:04 Masonry
25:13 Hand Cart
29:18 Imperial Age
28:05 Fletching
31:14 Imperial Age
30:52 Gambesons
31:07 Squires
30:53 Arson
30:28 Man-at-Arms
31:43 Scale Mail Armor
31:54 Forging
31:42 Man-at-Arms
32:08 Arson
33:04 Long Swordsman
34:57 Two-Man Saw
34:07 Two-Handed Swordsman
38:01 Chain Mail Armor
37:56 Forging
40:34 Pikeman
42:09 Champion
44:35 Halberdier
44:42 Halberdier
46:38 Plate Mail Armor
46:44 Iron Casting
anirone7589
10:03 Feudal Age
14:54 Castle Age
12:48 Double-Bit Axe
13:02 Horse Collar
15:40 Heavy Plow
19:49 Loom
21:01 Bow Saw
21:53 Town Watch
22:44 Wheelbarrow
23:09 Gold Mining
25:41 Hand Cart
26:04 Gold Shaft Mining
29:24 Imperial Age
27:19 Scale Barding Armor
28:10 Bloodlines
28:00 Husbandry
28:48 Forging
28:59 Chain Barding Armor
29:31 Fortified Wall
30:16 Iron Casting
30:00 Elite Steppe Lancer
31:25 Plate Barding Armor
33:58 Blast Furnace
34:02 Conscription
34:39 Murder Holes
34:56 Masonry
34:51 Siege Engineers
35:14 Fortified Bastions
35:44 Ballistics
35:18 Fletching
35:56 Bodkin Arrow
38:00 Light Cavalry
38:49 Hussar
41:43 Thunderclap Bombs
43:15 Caravan
49:00 Crop Rotation
48:35 Padded Archer Armor
Rakosnik
7:07 Loom
7:15 Loom
11:23 Feudal Age
15:29 Castle Age
13:20 Horse Collar
16:25 Double-Bit Axe
16:32 Light Cavalry
19:44 Wheelbarrow
22:31 Heavy Plow
23:44 Bow Saw
24:01 Scale Barding Armor
24:13 Husbandry
25:58 Bloodlines
27:15 Gold Mining
32:30 Imperial Age
30:17 Stone Mining
31:38 Chain Barding Armor
31:28 Forging
31:30 Szlachta Privileges
33:03 Cavalier
35:16 Hand Cart
35:39 Iron Casting
37:49 Blast Furnace
38:39 Conscription
37:52 Winged Hussar
39:24 Crop Rotation
40:15 Lechitic Legacy
hotshotgg
0:34 Loom
10:15 Feudal Age
14:29 Castle Age
12:17 Double-Bit Axe
12:39 Horse Collar
15:29 Bow Saw
21:45 Wheelbarrow
21:54 Stone Mining
22:53 Gold Mining
23:55 Hand Cart
28:08 Imperial Age
25:47 Scale Mail Armor
26:00 Forging
25:33 Pikeman
26:58 Squires
26:43 Arson
27:16 Chain Mail Armor
27:56 Iron Casting
27:23 Heavy Plow
29:18 Conscription
28:21 Elite Fire Lancer
29:33 Plate Mail Armor
30:07 Two-Man Saw
30:55 Chemistry
30:57 Blast Furnace
29:33 Pikeman
30:20 Halberdier
31:19 Fortified Wall
31:53 Conscription
32:16 Fletching
32:50 Ballistics
32:54 Elite Chu Ko Nu
33:19 Elite Chu Ko Nu
34:36 Bodkin Arrow
34:53 Padded Archer Armor
36:10 Rocketry
36:08 Bracer
36:24 Leather Archer Armor
36:23 Masonry
38:45 Ring Archer Armor
45:33 Great Wall
47:07 Architecture
46:33 Murder Holes
47:35 Gold Shaft Mining
47:37 Stone Shaft Mining
48:20 Coinage
lebron
10:15 Feudal Age
14:19 Castle Age
12:30 Double-Bit Axe
12:43 Gold Mining
14:01 Horse Collar
15:27 Bow Saw
16:39 Scale Mail Armor
16:45 Man-at-Arms
18:19 Loom
18:32 Long Swordsman
20:01 Squires
21:47 Wheelbarrow
22:28 Chain Mail Armor
25:24 Heavy Plow
27:12 Pikeman
29:55 Fortified Wall
31:51 Gold Shaft Mining
36:34 Imperial Age
35:03 Forging
35:53 Hand Cart
36:58 Halberdier
37:01 Two-Handed Swordsman
38:10 Conscription
38:18 Town Watch
39:10 Crop Rotation
40:37 Plate Mail Armor
40:49 Capped Ram
42:18 Town Patrol
46:08 Champion
Connection lost

Rejoining the realm…

Still unreachable

The connection could not be restored.

Session expired

The server has moved on; the page needs a fresh start.